 Dungeon Crawl Stone Soup version 0.30-a0-1035-g38d5fb2972 (webtiles) character file.

Game seed: 13817137927298935725

8060 jtron the Basher (level 11, 0/82 HPs)
             Began as a Gnoll Wanderer on Apr 8, 2023.
             Was a Priest of Jiyva.
             Succumbed to a black mamba's poison
             ... on level 1 of the Lair of Beasts.
             The game lasted 00:22:42 (8197 turns).

jtron the Basher (Gnoll Wanderer)                   Turns: 8197, Time: 00:22:42

Health: 0/82       AC:  7    Str: 13    XL:     11   Next: 25%
Magic:  21/21      EV: 16    Int: 11    God:    Jiyva [***...]
Gold:   155        SH:  0    Dex: 21    Spells: 8/24 levels left

rFire   . . .      SeeInvis .    a - +2 mace
rCold   . . .      Faith    .    (no shield)
rNeg    + . .      Spirit   .    d - +0 leather armour
rPois   .          Reflect  .    (no helmet)
rElec   .          Rampage  .    (no cloak)
rCorr   +                        s - +1 pair of gloves
Will    .....                    l - +0 pair of boots
Stlth   ++++++                   h - amulet of the acrobat
HPRegen 1.45/turn                y - ring of wizardry
MPRegen 0.52/turn                i - ring of positive energy

@: lethally poisoned (0 -> -7), hasted, very quick
A: fangs 1, strong nose, distributed training, iridescent scales 1, thin
skeletal structure 3, deformed body, inability to read after injury 1
a: Renounce Religion, Oozemancy


You were on level 1 of the Lair of Beasts.
You worshipped Jiyva.
Jiyva was most pleased with you.
You visited 2 branches of the dungeon, and saw 10 of its levels.

You collected 239 gold pieces.
You spent 84 gold pieces at shops.

Inventory:

Hand Weapons
 a - a +2 mace (weapon)
 b - a +0 sling
 w - a +1 whip of flaming
 F - a +4 scimitar of flaming
 G - a +0 arbalest
Missiles
 e - 5 poisoned darts
 g - 30 stones
 r - 4 boomerangs
 J - a curare-tipped dart
Armour
 d - a +0 leather armour (worn)
 l - a +0 pair of boots (worn)
 s - a +1 pair of gloves (worn)
Jewellery
 h - an amulet of the acrobat (around neck)
 i - a ring of positive energy (right hand)
 y - a ring of wizardry (left hand)
 I - an amulet of guardian spirit
Wands
 q - a wand of light (8)
 t - a wand of flame (12)
 u - a wand of polymorph (6)
 C - a wand of mindburst (2)
 E - a wand of paralysis (1)
 H - a wand of roots (3)
Scrolls
 f - 10 scrolls of identify
 j - 2 scrolls of fog {unknown}
 k - 3 scrolls of teleportation {unknown}
 m - 3 scrolls of blinking
 n - 3 scrolls of silence {unknown}
 p - a scroll of immolation {unknown}
 v - a scroll of magic mapping {unknown}
 x - 2 scrolls of enchant weapon {unknown}
 z - 2 scrolls of vulnerability {unknown}
 B - a scroll of amnesia {unknown}
Potions
 c - a potion of attraction
 o - 2 potions of degeneration
 D - a potion of mutation


   Skills:
 + Level 6.3 Fighting
 + Level 6.3 Short Blades
 + Level 6.3 Long Blades
 + Level 6.3 Axes
 + Level 10.6 Maces & Flails
 + Level 6.3 Polearms
 + Level 6.3 Staves
 + Level 6.3 Ranged Weapons
 + Level 6.9 Throwing
 + Level 6.3 Armour
 + Level 6.3 Dodging
 + Level 6.3 Stealth
 + Level 6.3 Shields
 + Level 6.3 Unarmed Combat
 + Level 7.0 Spellcasting
 + Level 7.7 Conjurations
 + Level 5.2 Hexes
 + Level 5.2 Summonings
 + Level 5.2 Necromancy
 + Level 5.2 Translocations
 + Level 5.2 Transmutations
 + Level 5.2 Fire Magic
 + Level 5.2 Ice Magic
 + Level 5.2 Air Magic
 + Level 5.2 Earth Magic
 + Level 5.2 Poison Magic
 + Level 7.0 Invocations
 + Level 6.9 Evocations


You had 8 spell levels left.
You knew the following spells:

 Your Spells              Type           Power      Damage    Failure   Level
a - Magic Dart            Conj           80%        1d7       1%          1
b - Passwall              Tmut/Erth      12%        N/A       1%          2
c - Hailstorm             Conj/Ice       18%        3d6       1%          3
d - Stone Arrow           Conj/Erth      36%        3d9       1%          3
e - Volatile Blastmotes   Fire/Tloc      30%        2d12      3%          3
f - Iskenderun's Mystic   Conj/Tloc      18%        2d6       6%          4

Your spell library contained the following spells:

 Spells                   Type           Power      Damage    Failure   Level
 Sandblast                Erth           30%        2d9       1%          1
 Scorch                   Fire           30%        2d6       1%          2
 Dazzling Flash           Conj/Hex       36%        N/A       1%          3
 Inner Flame              Hex/Fire       15%        N/A       3%          3
 Flame Wave               Conj/Fire      18%        2d7       6%          4
 Sticky Flame             Conj/Fire      18%        2d4       6%          4
 Starburst                Conj/Fire      9%         6d5       63%         6
 Summon Cactus Giant      Summ           7%         N/A       80%         6


Dungeon Overview and Level Annotations

Branches:
Dungeon (9/15)             Temple (0/1) D:6            Lair (1/5) D:9
    Orc: D:9-12

Altars:
Ashenzari
Dithmenos
Elyvilon
Gozag
Hepliaklqana
Makhleb
Qazlal
Wu Jian
The Shining One
Jiyva

Shops:
D:5 [   D:8 *

Annotations:
Lair:1 exclusion: oklob plant


Innate Abilities, Weirdness & Mutations

You have very sharp teeth.
Your uncanny sense of smell can sniff out nearby items.
Your experience applies equally to all skills.
You are partially covered in iridescent scales. (AC +2)
You have an unnaturally thin skeletal structure. (Dex +6, Stealth+++)
Armour fits poorly on your strangely shaped body.
You occasionally lose the ability to read scrolls when taking damage.


Message History

The black mamba is moderately wounded.
The black mamba bites you but does no damage.
The black mamba completely misses you.
You completely miss the black mamba.
The black mamba is moderately wounded.
The black mamba barely misses you. The oklob plant spits acid at you.
The splash of acid hits you! You resist. The black mamba barely misses you.
The black mamba attacks as you move away!
The black mamba bites you! The black mamba bites you!
You are poisoned.
The black mamba poisons you!
You feel very sick. The black mamba bites you!
You feel threatened and lose the ability to read scrolls!
* * * LOW HITPOINT WARNING * * *
You can read scrolls again.
You feel very sick.
The black mamba bites you but does no damage.
There is a staircase back to the Dungeon here.
It was a potion of haste.
You feel yourself speed up.
You feel sick. The black mamba completely misses you.
The black mamba closely misses you.
You hit the black mamba. Your bite misses the black mamba.
The black mamba is moderately wounded.
You feel sick. The black mamba closely misses you.
You sock the black mamba! Your bite misses the black mamba.
The black mamba is heavily wounded.
The black mamba bites you!
* * * LOW HITPOINT WARNING * * *
You are lethally poisoned!
The black mamba poisons you!
You barely miss the black mamba.
The black mamba is heavily wounded.
* * * LOW HITPOINT WARNING * * *
You feel very sick. The black mamba barely misses you.
You miss the black mamba.
The black mamba is heavily wounded.
You die...

....#
#....
##...##
#P....#
#...#
#...#
##...#
#...S#
##..@#
#...#
#...#
#....#
......#
.......#
........#
#...##..#


You could see a black mamba.

Vanquished Creatures
  Erica (D:8)
  A two-headed ogre (D:5)
  Amaemon (D:8)
  Pikel (D:4)
  Maurice (D:9)
  An orange demon (D:8)
  A troll (D:9)
  A hornet (D:9)
  Sigmund (D:4)
  A vampire (D:9)
  2 wyverns
  7 yaks (D:9)
  Edmund (D:4)
  2 wargs (D:9)
  A water moccasin (D:8)
  3 orc warriors (D:9)
  A sky beast (D:8)
  A black bear (D:7)
  3 ogres
  An ice beast (D:7)
  A centaur (D:9)
  2 lemures (D:4)
  4 phantoms
  2 kobold brigands
  3 bullfrogs
  2 scorpions
  4 wights (D:9)
  4 killer bees (D:9)
  4 hounds
  12 orc priests
  2 gnoll boudas (D:6)
  4 iguanas
  6 orc wizards
  A mummy (D:6)
  Robin (D:4)
  11 gnolls
  6 adders
  A shadow imp (D:5)
  A worm (D:4)
  A dart slug (D:2)
  29 orcs
  3 ball pythons (D:1)
  An endoplasm (D:1)
  4 giant cockroaches
  7 hobgoblins
  2 quokkas
  5 bats
  A frilled lizard (D:3)
  10 goblins
  8 kobolds
  2 rats (D:1)
176 creatures vanquished.

Vanquished Creatures (others)
  A yak (D:9)
  A water moccasin (D:9)
  A black bear (D:6)
  A centaur (D:9)
  A kobold brigand (D:9)
  A bullfrog (D:9)
  2 killer bees (D:9)
  25 jellies
  A hound (D:4)
  An iguana (D:5)
  2 adders
  An ufetubus (D:6)
  2 worms
  A dart slug (D:2)
  5 orcs
  A bat (D:3)
  2 endoplasms (D:4)
  A hobgoblin (D:2)
  A kobold (D:7)
  2 quokkas (D:2)
  2 ball pythons
  2 frilled lizards (D:2)
  A hobgoblin zombie (D:6)
  An orc zombie (D:6)
  A rat (D:2)
  2 plants (D:9)
62 creatures vanquished.

Grand Total: 238 creatures vanquished

Notes
Turn   | Place    | Note
-------+----------+-------------------------------------------
     0 | D:1      | jtron the Gnoll Wanderer began the quest for the Orb.
     0 | D:1      | jtron set off with the following items: a +2 mace, a wand
                  | of polymorph (6), a potion of attraction, a +0 leather
                  | armour; and the following spell memorised: Magic Dart; and
                  | the following spells available to memorise: Hailstorm.
     0 | D:1      | Reached XP level 1. HP: 13/13 MP: 4/4
   166 | D:1      | Reached XP level 2. HP: 13/19 MP: 5/5
  1122 | D:2      | Found a faded altar of an unknown god.
  1127 | D:2      | Prayed at the altar of an unknown god.
  1127 | D:2      | Became a worshipper of Jiyva Jayguom the Shapeless
  1127 | D:2      | Reached * piety under Jiyva
  1258 | D:2      | Reached XP level 3. HP: 24/25 MP: 7/7
  1340 | D:2      | Reached skill level 1 in Invocations
  1453 | D:2      | Reached ** piety under Jiyva
  1728 | D:2      | Reached skill level 1 in Fighting
  1728 | D:2      | Reached skill level 1 in Short Blades
  1728 | D:2      | Reached skill level 1 in Long Blades
  1728 | D:2      | Reached skill level 1 in Axes
  1728 | D:2      | Reached skill level 1 in Polearms
  1728 | D:2      | Reached skill level 1 in Staves
  1728 | D:2      | Reached skill level 1 in Ranged Weapons
  1728 | D:2      | Reached skill level 1 in Armour
  1728 | D:2      | Reached skill level 1 in Dodging
  1728 | D:2      | Reached skill level 1 in Stealth
  1728 | D:2      | Reached skill level 1 in Shields
  1728 | D:2      | Reached skill level 1 in Unarmed Combat
  2046 | D:3      | Noticed a phantom
  2052 | D:3      | Killed a phantom
  2053 | D:3      | Reached skill level 1 in Hexes
  2053 | D:3      | Reached skill level 1 in Summonings
  2053 | D:3      | Reached skill level 1 in Necromancy
  2053 | D:3      | Reached skill level 1 in Translocations
  2053 | D:3      | Reached skill level 1 in Transmutations
  2053 | D:3      | Reached skill level 1 in Fire Magic
  2053 | D:3      | Reached skill level 1 in Ice Magic
  2053 | D:3      | Reached skill level 1 in Air Magic
  2053 | D:3      | Reached skill level 1 in Earth Magic
  2053 | D:3      | Reached skill level 1 in Poison Magic
  2053 | D:3      | Reached XP level 4. HP: 30/32 MP: 8/8
  2053 | D:3      | Reached XP level 5. HP: 35/37 MP: 9/9
  2105 | D:3      | Found a broken altar of Ashenzari.
  2225 | D:3      | Reached *** piety under Jiyva
  2225 | D:3      | Gained mutation: You expend magic power (3 MP) to
                  | strengthen your wands. [Jiyva's grace]
  2225 | D:3      | Gained mutation: You are partially covered in iridescent
                  | scales. (AC +2) [Jiyva's grace]
  2225 | D:3      | Gained mutation: You are mostly covered in iridescent
                  | scales. (AC +4) [Jiyva's grace]
  2225 | D:3      | Gained mutation: You are completely covered in iridescent
                  | scales. (AC +6) [Jiyva's grace]
  2518 | D:3      | Found a hazy altar of Hepliaklqana.
  2676 | D:4      | Noticed an ogre
  2699 | D:4      | Killed an ogre
  2732 | D:4      | Noticed Robin
  2739 | D:4      | Reached XP level 6. HP: 44/44 MP: 7/11
  2745 | D:4      | Killed Robin
  2954 | D:4      | Noticed Edmund
  2980 | D:4      | Killed Edmund
  2981 | D:4      | Reached XP level 7. HP: 29/51 MP: 12/12
  3174 | D:4      | Noticed Pikel
  3232 | D:4      | Killed Pikel
  3233 | D:4      | Reached skill level 9 in Maces & Flails
  3233 | D:4      | Reached XP level 8. HP: 45/58 MP: 12/14
  3331 | D:4      | Noticed Sigmund
  3342 | D:4      | Killed Sigmund
  3541 | D:5      | Entered Level 5 of the Dungeon
  3545 | D:5      | Found Nopno's Armour Shoppe.
  3761 | D:5      | Noticed a two-headed ogre
  3825 | D:6      | Reached **** piety under Jiyva
  3903 | D:6      | Reached XP level 9. HP: 57/65 MP: 16/16
  3970 | D:6      | Reached skill level 5 in Spellcasting
  4064 | D:6      | Found a sand-covered staircase.
  4074 | D:5      | You fall into a shaft and drop 1 floor!
  4132 | D:5      | Killed a two-headed ogre
  4133 | D:5      | Reached skill level 5 in Throwing
  4133 | D:5      | Reached skill level 5 in Invocations
  4133 | D:5      | Reached skill level 5 in Evocations
  4434 | D:5      | Lost mutation: You are completely covered in iridescent
                  | scales. (AC +6) [Jiyva's grace]
  4434 | D:5      | Lost mutation: You expend magic power (3 MP) to strengthen
                  | your wands. [Jiyva's grace]
  4434 | D:5      | Gained mutation: You have a somewhat thin skeletal
                  | structure. (Dex +2, Stealth+) [Jiyva's grace]
  4434 | D:5      | Gained mutation: You have a moderately thin skeletal
                  | structure. (Dex +4, Stealth++) [Jiyva's grace]
  4434 | D:5      | Gained mutation: You have an unnaturally thin skeletal
                  | structure. (Dex +6, Stealth+++) [Jiyva's grace]
  4434 | D:5      | Gained mutation: Your flesh is heat resistant. (rF+)
                  | [Jiyva's grace]
  4812 | D:6      | Learned a level 2 spell: Passwall
  4816 | D:6      | Learned a level 3 spell: Hailstorm
  4820 | D:6      | Learned a level 3 spell: Stone Arrow
  4824 | D:6      | Learned a level 3 spell: Volatile Blastmotes
  4979 | D:6      | Found a staircase to the Ecumenical Temple.
  5331 | D:7      | Found a flagged portal.
  5632 | D:7      | Noticed Joseph
  5642 | D:7      | Slimified Joseph
  5642 | D:7      | Joseph changed into Joseph the slime creature
  5642 | D:7      | Noticed Joseph
  5655 | D:7      | Identified the +3 plate armour of Dim Light {Rampage rF-
                  | rN+ Int+5}
  6242 | D:8      | Reached skill level 5 in Fighting
  6242 | D:8      | Reached skill level 5 in Short Blades
  6242 | D:8      | Reached skill level 5 in Long Blades
  6242 | D:8      | Reached skill level 5 in Axes
  6242 | D:8      | Reached skill level 5 in Polearms
  6242 | D:8      | Reached skill level 5 in Staves
  6242 | D:8      | Reached skill level 5 in Ranged Weapons
  6242 | D:8      | Reached skill level 5 in Armour
  6242 | D:8      | Reached skill level 5 in Dodging
  6242 | D:8      | Reached skill level 5 in Stealth
  6242 | D:8      | Reached skill level 5 in Shields
  6242 | D:8      | Reached skill level 5 in Unarmed Combat
  6242 | D:8      | Reached XP level 10. HP: 70/74 MP: 18/18
  6255 | D:8      | Learned a level 4 spell: Iskenderun's Mystic Blast
  6352 | D:8      | Noticed Amaemon
  6352 | D:8      | Noticed an orange demon
  6361 | D:8      | Killed an orange demon
  6362 | D:8      | Reached skill level 10 in Maces & Flails
  6366 | D:8      | Killed Amaemon
  6556 | D:8      | Found an opulent altar of Gozag.
  6612 | D:8      | Found Elucsokh's Gadget Gallery.
  6626 | D:8      | Bought a wand of mindburst (5) for 84 gold pieces
  6647 | D:8      | Found an ornate altar of the Wu Jian Council.
  6672 | D:8      | Found a glowing golden altar of the Shining One.
  6675 | D:8      | Found a shadowy altar of Dithmenos.
  6676 | D:8      | Found a stormy altar of Qazlal.
  6751 | D:8      | Noticed Erica
  6762 | D:8      | Killed Erica
  7077 | D:9      | Noticed Maurice
  7092 | D:9      | Killed Maurice
  7123 | D:9      | Reached skill level 5 in Hexes
  7123 | D:9      | Reached skill level 5 in Summonings
  7123 | D:9      | Reached skill level 5 in Necromancy
  7123 | D:9      | Reached skill level 5 in Translocations
  7123 | D:9      | Reached skill level 5 in Transmutations
  7123 | D:9      | Reached skill level 5 in Fire Magic
  7123 | D:9      | Reached skill level 5 in Ice Magic
  7123 | D:9      | Reached skill level 5 in Air Magic
  7123 | D:9      | Reached skill level 5 in Earth Magic
  7123 | D:9      | Reached skill level 5 in Poison Magic
  7123 | D:9      | Reached XP level 11. HP: 60/81 MP: 21/21
  7164 | D:9      | Found a burning altar of Makhleb.
  7595 | D:9      | Found a staircase to the Lair.
  7811 | D:9      | Paralysed by a hornet for 1 turns
  7813 | D:9      | Lost mutation: You are mostly covered in iridescent scales.
                  | (AC +4) [potion of mutation]
  7813 | D:9      | Lost mutation: Your flesh is heat resistant. (rF+) [potion
                  | of mutation]
  7813 | D:9      | Gained mutation: You occasionally lose the ability to read
                  | scrolls when taking damage. [potion of mutation]
  7813 | D:9      | Gained mutation: Armour fits poorly on your strangely
                  | shaped body. [potion of mutation]
  7814 | D:9      | Paralysed by a hornet for 2 turns
  8179 | Lair:1   | Entered Level 1 of the Lair of Beasts
  8183 | Lair:1   | Found a white marble altar of Elyvilon.
  8183 | Lair:1   | Noticed an oklob plant
  8195 | Lair:1   | HP: 4/82 [black mamba (9)]
  8196 | Lair:1   | HP: 1/82 [poisoned by a black mamba]
  8197 | Lair:1   | Succumbed to a black mamba's poison

Illustrated notes

Levels and vault maps discovered:
D:1:      dpeg_arrival_arbitrary_a, layout_loops_corners,
          minmay_misc_feat_hallway
D:2:      layout_loops_corners, nicolae_ecumenical_oubliette
D:3:      layout_loops_ring, nzn_hepliaklqana_mist_gate,
          mainiacjoe_overflow_tiny_flanked
D:4:      layout_basic, uniq_sigmund, uniq_pikel, uniq_robin, uniq_edmund
D:5:      layout_gridville, nicolae_inconvenience_store
D:6:      layout_cave_pools, minmay_temple_entry_stoned_glass,
          nicolae_ossuary_entry_giza
D:7:      layout_layer_cave, enter_bailey_2, uniq_joseph
D:8:      layout_gridville, nicolae_wu_jian_wuxing_cycle, minitemple,
          mainiacjoe_overflow_alcove_1, kennysheep_donut, nicolae_shop_gadgets,
          uniq_erica, uniq_amaemon
D:9:      layout_basic, lemuel_doored_altar, erik_lair_orcish_takeover,
          minmay_increasing_density, uniq_maurice
Lair:1:   layout_long_grid, lemuel_oklob_altar

Skill      XL: |  1  2  3  4  5  6  7  8  9 10 11 |
---------------+----------------------------------+-----
Invocations    | 1 2 3 4 5 6 7 |  7.0
Fighting       | 1 2 3 4 5 6 |  6.3
Short Blades   | 1 2 3 4 5 6 |  6.3
Long Blades    | 1 2 3 4 5 6 |  6.3
Axes           | 1 2 3 4 5 6 |  6.3
Polearms       | 1 2 3 4 5 6 |  6.3
Staves         | 1 2 3 4 5 6 |  6.3
Ranged Weapons | 1 2 3 4 5 6 |  6.3
Armour         | 1 2 3 4 5 6 |  6.3
Dodging        | 1 2 3 4 5 6 |  6.3
Stealth        | 1 2 3 4 5 6 |  6.3
Shields        | 1 2 3 4 5 6 |  6.3
Unarmed Combat | 1 2 3 4 5 6 |  6.3
Spellcasting   | 3 4 5 6 7 |  7.0
Hexes          | 1 2 3 4 5 |  5.2
Summonings     | 1 2 3 4 5 |  5.2
Necromancy     | 1 2 3 4 5 |  5.2
Translocations | 1 2 3 4 5 |  5.2
Transmutations | 1 2 3 4 5 |  5.2
Fire Magic     | 1 2 3 4 5 |  5.2
Ice Magic      | 1 2 3 4 5 |  5.2
Air Magic      | 1 2 3 4 5 |  5.2
Earth Magic    | 1 2 3 4 5 |  5.2
Poison Magic   | 1 2 3 4 5 |  5.2
Throwing       | 3 4 5 6 |  6.9
Evocations     | 3 4 5 6 |  6.9
Maces & Flails | 9 10 | 10.6
Conjurations   | 6 7 |  7.7

Action                     |  1- 3 |  4- 6 |  7- 9 | 10-12 || total
---------------------------+-------+-------+-------+-------++-------
  Melee: Mace              |    54 |    80 |   284 |   188 ||   606
         Bite              |     3 |     6 |    40 |    24 ||    73
         Punch             |       |     3 |     9 |     8 ||    20
  Throw: Dart              |       |     5 |    12 |     6 ||    23
         Stone             |       |       |     1 |     1 ||     2
         Boomerang         |       |       |       |     2 ||     2
   Cast: Magic Dart        |     5 |       |    14 |     1 ||    20
         Stone Arrow       |       |       |     2 |     6 ||     8
         Hailstorm         |       |       |     1 |     6 ||     7
         Volatile Blastmot |       |       |     1 |       ||     1
         Passwall          |       |       |       |     1 ||     1
 Invoke: Oozemancy         |       |     2 |     4 |     3 ||     9
         Slimify           |       |       |     1 |     1 ||     2
  Evoke: Wand              |       |       |       |     4 ||     4
    Use: Potion            |       |     1 |     4 |     3 ||     8
         Scroll            |       |       |     4 |       ||     4
   Stab: Sleeping          |       |     1 |     4 |     3 ||     8
         Paralysed         |       |       |       |     7 ||     7
         Distracted        |       |       |       |     1 ||     1
 Armour: Leather armour    |    10 |    27 |    86 |    48 ||   171
         Skin              |       |       |    29 |       ||    29
  Dodge: Dodged            |    25 |    46 |   169 |   161 ||   401

Table legend: (Time is in decaauts)
 A = Elapsed time spent in this place.
 B = Non-inter-level travel time spent in this place.
 C = Inter-level travel time spent in this place.
 D = Time resting spent in this place.
 E = Time spent auto-exploring this place.
 F = Levels seen in this place.
 G = Mean time per level.
                   A        B        C        D        E       F      G
               +--------+--------+--------+--------+--------+-----+--------+
         Total |   8146 |   7647 |    499 |    284 |   5760 |  10 |  814.6 |
       Dungeon |   8130 |   7631 |    499 |    284 |   5760 |   9 |  903.3 |
          Lair |     15 |     15 |      0 |      0 |      0 |   1 |   15.0 |
               +--------+--------+--------+--------+--------+-----+--------+

Top non-repeatable levels by time:
     D:1: 1152 daAuts
     D:9: 1149 daAuts
     D:7: 1072 daAuts
     D:4: 890 daAuts
     D:2: 886 daAuts
     D:5: 881 daAuts
     D:8: 865 daAuts
     D:6: 629 daAuts
     D:3: 603 daAuts
  Lair:1: 15 daAuts
